 Seeded DCSS version 0.27.1-36-g1b1ada6b1e (webtiles) character file.

Game seed: 20230210 (custom seed)

23 Mickster the Skirmisher (level 2, -2/26 HPs)
             Began as a Demigod Wanderer on Feb 10, 2023.
             Succumbed to an adder's poison
             ... on level 2 of the Dungeon.
             The game lasted 00:14:19 (1199 turns).

Mickster the Skirmisher (Demigod Wanderer)          Turns: 1199, Time: 00:14:19

Health: -2/26      AC:  4    Str: 13    XL:     2   Next: 54%
Magic:  4/4        EV:  8    Int: 14    God:
Gold:   8          SH:  8    Dex: 13    Spells: 1/1 levels left

rFire    . . .     SeeInvis .   g - +1 mace
rCold    . . .     Faith    .   e - +0 kite shield
rNeg     . . .     Spirit   .   f - +0 leather armour
rPois    .         Reflect  .   i - +0 helmet
rElec    .         Harm     .   (no cloak)
rCorr    .         Rampage  .   (no gloves)
Will     .....                  (no boots)
Stlth    +.........             (no amulet)
HPRegen  0.08/turn              (no ring)
MPRegen  0.09/turn              (no ring)

@: lethally poisoned (-2 -> -16)
A: high mp 1, forlorn
a: no special abilities


You were on level 2 of the Dungeon.
You visited 1 branch of the dungeon, and saw 2 of its levels.

You collected 8 gold pieces.

Inventory:

Hand Weapons
 a - a +0 club
 g - a +1 mace (weapon)
Missiles
 h - 15 stones
 j - 18 bolts
 k - a throwing net (quivered)
Armour
 e - a +0 kite shield (worn)
 f - a +0 leather armour (worn)
 i - a +0 helmet (worn)
Magical Staves
 d - a staff of conjuration
Scrolls
 b - a scroll of teleportation
Potions
 c - a potion of curing


   Skills:
 + Level 3.1 Fighting
 * Level 1.1 Maces & Flails
 + Level 2.0 Armour
 + Level 1.0 Dodging
 * Level 0.6 Stealth
 + Level 2.1 Shields
 + Level 1.0 Unarmed Combat


You had one spell level left.
You didn't know any spells.
Your spell library contained the following spells:

 Spells                   Type           Power      Damage    Failure   Level
 Slow                     Hex            0%         N/A       96%         2
 Confusing Touch          Hex            0%         N/A       99%         3
 Vampiric Draining        Necr           0%         2d6       99%         3


Dungeon Overview and Level Annotations

Branches:
Dungeon (2/15)


Innate Abilities, Weirdness & Mutations

Your attributes grow dramatically as you level up.
You have an increased reservoir of magic. (+10% MP)
You shall have no god before yourself.


Message History

You see here a ball python corpse.
You see here a ball python corpse.
You see here a ball python corpse.
There is a stone staircase leading up here.
k - 2 throwing nets An adder comes into view.
Throw: 2 throwing nets
Press: ? - help, Q - select action, (/) - cycle Shift-Dir - straight line, f - adder
Aim: an adder (asleep, 98% to hit)
You throw a throwing net. The throwing net hits the adder.
The adder is caught in the net!
The adder hisses angrily.
The adder struggles against the net. x2
The adder struggles against the net.
The adder struggles against the net.
The net rips apart, and the adder comes free!
A kobold comes into view.
It is wielding a +1 whip of electrocution.
You miss the adder. You block the adder's attack. x2
You barely miss the adder. The adder bites you.
You are poisoned.
The adder poisons you! The adder bites you.
You miss the adder.
You feel sick. You block the adder's attack. The adder bites you.
The adder closely misses you.
You completely miss the adder.
You feel sick. The adder bites you.
You are more poisoned.
The adder poisons you! You block the adder's attack.
Your shield prevents you from hitting the adder.
You feel sick. The adder barely misses you. The adder bites you.
You are lethally poisoned!
The adder poisons you!
Unknown command.
You closely miss the adder.
* * * LOW HITPOINT WARNING * * *
You feel very sick. The adder bites you.
* * * LOW HITPOINT WARNING * * *
You are more poisoned.
The adder poisons you! The adder closely misses you.
You miss the adder.
You die...

...# #.# ##.# #.# ...#
#.# #..## #.# ....# #.#
#...###########.#
#...............#
#..#.##########.########
.....### #.@S......
.......# ########.#
######.# .# #


You could see an adder.

Vanquished Creatures
  A dart slug (D:1)
  3 endoplasms (D:1)
  2 giant cockroaches (D:1)
  3 goblins (D:1)
  A hobgoblin (D:1)
  3 ball pythons
  2 bats (D:1)
  A kobold (D:1)
  3 rats (D:1)
19 creatures vanquished.

Notes
Turn   | Place    | Note
-------+----------+-------------------------------------------
     0 | D:1      | Mickster the Demigod Wanderer began the quest for the Orb.
     0 | D:1      | Mickster set off with the following items: a +0 club, a
                  | scroll of teleportation, a potion of curing, a +0 robe, a
                  | +0 kite shield
     0 | D:1      | Reached XP level 1. HP: 18/18 MP: 3/3
   269 | D:1      | Reached XP level 2. HP: 11/25 MP: 4/4
   501 | D:1      | Reached skill level 3 in Fighting
  1199 | D:2      | Succumbed to an adder's poison

Illustrated notes

Levels and vault maps discovered:
D:1:      psy_arrival_whirlpool, layout_loops_ring
D:2:      layout_loops_ring, hellmonk_ecumenical_altar_dog_temple,
          kennysheep_potato

Skill      XL: |  1  2 |
---------------+-------+-----
Shields        | 2 |  2.1
Fighting       | 3 |  3.1
Armour         | 2 |  2.0
Maces & Flails | |  1.1
Dodging        | |  1.0
Stealth        | |  0.6
Unarmed Combat | |  1.0

Action                   || total
-------------------------++-------
Melee: Mace              ||    46
       Club              ||     9
Throw: Throwing net      ||     1
  Use: Scroll            ||     3
Armor: Leather armour    ||    18
Dodge: Dodged            ||    22
Block: Kite shield       ||    22
